 Dungeon Crawl Stone Soup version 0.29.1-debian-4-g95531337e3 (webtiles) character file.

Game seed: 17393828510428341828

47 Dreamer the Shield-Bearer (level 3, -6/29 HPs)
             Began as a Formicid Fighter on Sept 13, 2022.
             Mangled by Crazy Yiuf
             ... wielding a +3 quarterstaff of chaos
              (8 damage)
             ... on level 1 of the Dungeon.
             The game lasted 00:03:20 (1551 turns).

Dreamer the Shield-Bearer (Formicid Fighter)        Turns: 1551, Time: 00:03:20

Health: -6/29      AC:  8    Str: 22    XL:     3   Next: 97%
Magic:  1/3        EV:  9    Int:  7    God:
Gold:   82         SH:  5    Dex: 13    Spells: 2/2 levels left

rFire   . . .      SeeInvis +   a - +0 flail
rCold   . . .      Faith    .   c - +0 buckler
rNeg    . . .      Spirit   .   b - +0 scale mail
rPois   .          Reflect  .   (helmet unavailable)
rElec   .          Harm     .   (no cloak)
rCorr   .          Rampage  .   (no gloves)
Will    .....                   o - +0 pair of boots
Stlth   ..........              (no amulet)
HPRegen 0.09/turn               (no ring)
MPRegen 0.08/turn               (no ring)

@: no status effects
A: permanent stasis, dig shafts and tunnels, antennae 3, four strong arms
a: Dig, Shaft Self


You were on level 1 of the Dungeon.
You visited 1 branch of the dungeon, and saw 2 of its levels.

You collected 82 gold pieces.

Inventory:

Hand Weapons
 a - a +0 flail (weapon)
Armour
 b - a +0 scale mail (worn)
 c - a +0 buckler (worn)
 o - a +0 pair of boots (worn)
Scrolls
 e - a scroll of fog {unknown}
 i - 2 scrolls of poison {unknown}
 l - a scroll of fear {unknown}
 m - a scroll of teleportation {unknown}
 n - a scroll of enchant weapon {unknown}
Potions
 d - a potion of might
 f - a potion of heal wounds {unknown}
 g - a potion of haste {unknown}
 h - a potion of mutation {unknown}
 j - 3 potions of curing {unknown}
 k - a potion of attraction {unknown}


   Skills:
 + Level 3.5 Fighting
 * Level 2.8 Maces & Flails
 + Level 3.6 Armour
 + Level 1.5 Stealth
 + Level 4.3 Shields


You had 2 spell levels left.
You didn't know any spells.
Your spell library contained the following spells:

 Spells                   Type           Power      Damage    Failure   Level
 Sublimation of Blood     Necr           0%         N/A       92%         2
 Wereblood                Tmut           0%         N/A       92%         2
 Summon Hydra             Summ           0%         N/A       100%        7


Dungeon Overview and Level Annotations

Branches:
Dungeon (2/15)

Altars:

Annotations:
D:1 Crazy Yiuf


Innate Abilities, Weirdness & Mutations

You cannot be hasted, slowed, berserked, paralysed or teleported.
You can dig through walls and to a lower floor.
You have a pair of large antennae on your head. (SInv)
Your four strong arms can wield two-handed weapons with a shield.


Message History

Crazy Yiuf breaks down the door.
You flicker for a moment.
Crazy Yiuf twirls on the spot.
Crazy Yiuf grits, "Lugonu sizzlefizz meccalolo!"
You flicker back into view.
You see here a stone.
Crazy Yiuf screams, "Mugger hand sing-song!"
Crazy Yiuf says, "Cards!"
There is a stone staircase leading up here.
You can't go up here!
There is a stone staircase leading up here.
You climb upwards.
There is a stone staircase leading down here.
You start resting.
HP restored.
You climb downwards.
Level annotation: Crazy Yiuf Crazy Yiuf hits you with a +3 quarterstaff of chaos! x2
* * * LOW HITPOINT WARNING * * *
There is a stone staircase leading up, spattered with blood here.
Crazy Yiuf flaps his cloak.
Crazy Yiuf barely misses you.
You climb upwards.
There is a stone staircase leading down here.
Crazy Yiuf screams, "Cod!
Mugger ladder leg."
Crazy Yiuf sings, "Trees, trees, trees, circus!"
Crazy Yiuf attacks as you move away!
Crazy Yiuf hits you with a +3 quarterstaff of chaos.
* * * LOW HITPOINT WARNING * * *
You feel your power leaking away.
There is a stone staircase leading down here.
Crazy Yiuf attacks as you move away! Crazy Yiuf barely misses you.
Crazy Yiuf grits, "Prologue!
Prologue tea sing."
Crazy Yiuf attacks as you move away! Crazy Yiuf closely misses you.
Crazy Yiuf laughs, "Action hand water!"
Crazy Yiuf attacks as you move away! You block Crazy Yiuf's attack.
Crazy Yiuf sings, "Trees, trees, trees, circus!"
Crazy Yiuf attacks as you move away!
Crazy Yiuf hits you with a +3 quarterstaff of chaos!
You die...

)# #.....#..>.....# #
.######### #.....##.#.#.#.# #
.........# #..............# #
.###.###>#
##.....##.#.#.#.##### ## #.#
#.# ##.....#####..#......
.###.###.# #####.###
##.#.#.#####
#####.##########.#####.###.>##
###.#<######..g.....## #...#
###.#####..(#@#####.###..##
######.###..##..........#..##
..#.##~~..######.#######.#.#
####..~~##.###...# #.#.#
##..###.####.#.####### #.#.#
..#####.##...........# #.#.#
######∩#.##..#.#####.# #.#.#
#.## ###.###.........###.#.#
##.######.#.##.####..##..#.#


You could see Crazy Yiuf.

Vanquished Creatures
  A worm (D:2)
  8 endoplasms
  A giant cockroach (D:2)
  4 goblins
  3 hobgoblins
  7 jackals (D:1)
  2 kobolds (D:1)
  A quokka (D:2)
  2 ball pythons
  3 bats
  2 frilled lizards (D:1)
  6 rats
40 creatures vanquished.

Notes
Turn   | Place    | Note
-------+----------+-------------------------------------------
     0 | D:1      | Dreamer the Formicid Fighter began the quest for the Orb.
     0 | D:1      | Reached XP level 1. HP: 18/18 MP: 1/1
   304 | D:1      | Reached XP level 2. HP: 24/24 MP: 2/2
   336 | D:1      | Reached skill level 1 in Stealth
   347 | D:1      | Reached XP level 3. HP: 13/29 MP: 3/3
   593 | D:1      | Found a faded altar of an unknown god.
  1297 | D:2      | Found a runed translucent door.
  1298 | D:2      | Noticed Crazy Yiuf
  1540 | D:1      | HP: 1/29 [Crazy Yiuf/+3 quarterstaff of chaos (6)]
  1551 | D:1      | Mangled by Crazy Yiuf

Illustrated notes

Levels and vault maps discovered:
D:1:      spicycebolla_green_bress_n_ham_2, layout_loops_ring,
          hellmonk_ecumenical_altar_heavens_door, st_stairs_8, dk_noncrumbling_3
D:2:      layout_rooms, uniq_jessica, uniq_natasha, uniq_crazy_yiuf_cottage

Skill      XL: |  1  2 |
---------------+-------+-----
Stealth        | 1 |  1.5
Fighting       | |  3.5
Maces & Flails | |  2.8
Armour         | |  3.6
Shields        | |  4.3

Action                   || total
-------------------------++-------
Melee: Flail             ||   130
 Stab: Invisible         ||     1
Armor: Scale mail        ||    60
Dodge: Dodged            ||    88
Block: Buckler           ||    34
